| TOP OF THE 1ST |
|
Miami Marlins batting - Pitching for Cincinnati Reds : RHP Constantino Chamisso
|
|
Pitching: RHP Constantino Chamisso
|
|
|
Batting: RHB Roger Salazar
|
0-0: Called Strike 0-1: Ball 1-1: Ball 2-1: Ground out 4-3 (Groundball, 4, EV 82.5 MPH)
|
|
Batting: RHB Bert Clark
|
0-0: Ball 1-0: Ball 2-0: Called Strike 2-1: Foul Ball, location: 2F 2-2: DOUBLE (Line Drive, 9LM, EV 106.9 MPH)
|
|
Batting: LHB Andre Gorter
|
0-0: Called Strike 0-1: Fly out, F8 (Line Drive, 89M, EV 85.6 MPH)
|
|
Batting: RHB Jimmy Groseclose
|
0-0: Ball 1-0: Called Strike 1-1: Ball 2-1: Swinging Strike 2-2: Ball 3-2: SINGLE (Line Drive, 7S, EV 98.8 MPH) Bert Clark to third Runner from 3rd tries for Home, SAFE, throw by LF to home
|
|
Batting: RHB Tony Stedman
|
0-0: Called Strike 0-1: Called Strike 0-2: Ball 1-2: Fly out, F9 (Flyball, 89D, EV 98.8 MPH)
|
| Top of the 1st over - 1 run, 2 hits, 0 errors, 1 left on base; Miami 1 - Cincinnati 0 |
| BOTTOM OF THE 1ST |
|
Cincinnati Reds batting - Pitching for Miami Marlins : RHP Link Zeller
|
|
Pitching: RHP Link Zeller
|
|
|
Batting: SHB Dave Barefoot
|
0-0: Ball 1-0: Called Strike 1-1: Called Strike 1-2: Foul Ball, location: 2F 1-2: Ground out 6-3 (Groundball, 6, EV 99.4 MPH)
|
|
Batting: RHB Steve Castleberry
|
0-0: SINGLE (Groundball, 56D, EV 98.1 MPH)
|
|
Batting: SHB Jun Tsuda
|
0-0: Called Strike 0-1: Foul Ball, location: 2F 0-2: Ball 1-2: Fly out, F8 (Flyball, 8RM, EV 91.9 MPH)
|
|
Batting: LHB Chris Grunwald
|
0-0: Called Strike Steve Castleberry is caught stealing 2nd base 2-6
|
| Bottom of the 1st over - 0 runs, 1 hit, 0 errors, 0 left on base; Miami 1 - Cincinnati 0 |
| TOP OF THE 2ND |
|
Miami Marlins batting - Pitching for Cincinnati Reds : RHP Constantino Chamisso
|
|
Batting: LHB Jose Bregaro
|
0-0: Called Strike 0-1: Foul Ball, location: 2F 0-2: Foul Ball, location: 2F 0-2: Fly out, F7 (Flyball, 78M, EV 89.4 MPH)
|
|
Batting: RHB Mike Gar
|
0-0: Ball 1-0: Ball 2-0: Foul Ball, location: 2F 2-1: SINGLE (Flyball, 9LS, EV 85.6 MPH)
|
|
Batting: RHB Steve Barnard
|
0-0: Called Strike 0-1: DOUBLE (Line Drive, 9LS, EV 99.4 MPH) Mike Gar to third Runner from 3rd tries for Home, throw by RF and OUT! 9-4-2
|
|
Batting: RHB Willie Chavez
|
0-0: SINGLE (Groundball, 56D, EV 95.6 MPH) Steve Barnard to third Runner from 3rd tries for Home, throw by LF and OUT! 7-2
|
| Top of the 2nd over - 0 runs, 3 hits, 0 errors, 1 left on base; Miami 1 - Cincinnati 0 |
| BOTTOM OF THE 2ND |
|
Cincinnati Reds batting - Pitching for Miami Marlins : RHP Link Zeller
|
|
Batting: LHB Chris Grunwald
|
0-0: Foul Ball, location: 2F 0-1: Ball 1-1: Ground out 6-3 (Groundball, 4M, EV 102.5 MPH)
|
|
Batting: SHB Saulo Maina
|
0-0: Called Strike 0-1: Ball 1-1: Swinging Strike 1-2: Fly out, F9 (Flyball, 9, EV 79.4 MPH)
|
|
Batting: RHB Willie Lazcano
|
0-0: Called Strike 0-1: Fly out, F8 (Flyball, 8RM, EV 88.8 MPH)
|
| Bottom of the 2nd over - 0 runs, 0 hits, 0 errors, 0 left on base; Miami 1 - Cincinnati 0 |
| TOP OF THE 3RD |
|
Miami Marlins batting - Pitching for Cincinnati Reds : RHP Constantino Chamisso
|
|
Batting: RHB Roger Salazar
|
0-0: Ball 1-0: SOLO HOME RUN (Flyball, 78XD, EV 101.2 MPH), Distance : 400 ft
|
|
Batting: RHB Bert Clark
|
0-0: Called Strike 0-1: Ball 1-1: Ball 2-1: DOUBLE (Line Drive, 9LS, EV 99.4 MPH)
|
|
Batting: LHB Andre Gorter
|
0-0: Called Strike 0-1: Fly out, F8 (Line Drive, 8RD, EV 103.1 MPH)
|
|
Batting: RHB Jimmy Groseclose
|
0-0: Fly out, F8 (Flyball, 8RD, EV 99.4 MPH) Runner from 2nd tags up, SAFE at 3rd with throw by CF
|
|
Batting: RHB Tony Stedman
|
0-0: Called Strike 0-1: Swinging Strike 0-2: Foul Ball, location: 2F 0-2: Foul Ball, location: 2F 0-2: Foul Ball, location: 2F 0-2: Ball 1-2: Strikes out swinging
|
| Top of the 3rd over - 1 run, 2 hits, 0 errors, 1 left on base; Miami 2 - Cincinnati 0 |
| BOTTOM OF THE 3RD |
|
Cincinnati Reds batting - Pitching for Miami Marlins : RHP Link Zeller
|
|
Batting: RHB Joseph Kirchmann
|
0-0: Foul Ball, location: 2F 0-1: Ball 1-1: Ball 2-1: Called Strike 2-2: Ball 3-2: Base on Balls
|
|
Batting: LHB Jon Ledesma
|
0-0: Ball 1-0: Swinging Strike 1-1: Ball 2-1: Fielders Choice at 2nd, 4-6 (Groundball, 34D, EV 97.5 MPH)
|
|
Batting: RHB Takanibu Kaneshiro
|
0-0: Ball 1-0: Ball 2-0: Ball 3-0: Called Strike 3-1: Base on Balls Jon Ledesma to second
|
|
Batting: SHB Dave Barefoot
|
0-0: Called Strike 0-1: Ball 1-1: Ball 2-1: Ball 3-1: Swinging Strike 3-2: Strikes out looking
|
|
Batting: RHB Steve Castleberry
|
0-0: Ball 1-0: Ball 2-0: Called Strike 2-1: Foul Ball, location: 2F 2-2: Ground out 4-3 (Groundball, 4, EV 79.4 MPH)
|
| Bottom of the 3rd over - 0 runs, 0 hits, 0 errors, 2 left on base; Miami 2 - Cincinnati 0 |
| TOP OF THE 4TH |
|
Miami Marlins batting - Pitching for Cincinnati Reds : RHP Constantino Chamisso
|
|
Batting: LHB Jose Bregaro
|
0-0: SINGLE (Groundball, 4MD, EV 95.0 MPH)
|
|
Batting: RHB Mike Gar
|
0-0: Grounds into double play, 4-6-3 (Groundball, 4, EV 98.8 MPH)
|
|
Batting: RHB Steve Barnard
|
0-0: Swinging Strike 0-1: DOUBLE (Flyball, 7LD, EV 104.4 MPH)
|
|
Batting: RHB Willie Chavez
|
0-0: Ball 1-0: Ball Wild Pitch! Steve Barnard to third 2-0: Ball 3-0: Base on Balls
|
|
Batting: RHB Roger Salazar
|
0-0: Ball 1-0: Called Strike 1-1: Called Strike 1-2: Strikes out looking
|
| Top of the 4th over - 0 runs, 2 hits, 0 errors, 2 left on base; Miami 2 - Cincinnati 0 |
| BOTTOM OF THE 4TH |
|
Cincinnati Reds batting - Pitching for Miami Marlins : RHP Link Zeller
|
|
Batting: SHB Jun Tsuda
|
0-0: Ball 1-0: Swinging Strike 1-1: SINGLE (Flyball, 4D, EV 91.2 MPH)
|
|
Batting: LHB Chris Grunwald
|
0-0: Ball 1-0: Foul Ball, location: 2F 1-1: Ball 2-1: Ball 3-1: Foul Ball, location: 2F 3-2: SINGLE (Groundball, 34D, EV 95.6 MPH) Jun Tsuda to second Runner from 2nd tries for 3rd, OUT! 9-5 Chris Grunwald to second
|
|
Batting: SHB Saulo Maina
|
0-0: Ball 1-0: Foul Ball, location: 2F 1-1: Called Strike 1-2: Ball 2-2: Ground out U3 (Groundball, 3, EV 98.8 MPH) Chris Grunwald to third
|
|
Batting: RHB Willie Lazcano
|
0-0: Ball 1-0: Called Strike 1-1: Foul Ball, location: 2F 1-2: Foul Ball, location: 2F 1-2: Foul Ball, location: 2F 1-2: Foul Ball, location: 2F 1-2: Foul Ball, location: 2F 1-2: Ball 2-2: Foul Ball, location: 2F 2-2: Strikes out swinging
|
| Bottom of the 4th over - 0 runs, 2 hits, 0 errors, 1 left on base; Miami 2 - Cincinnati 0 |
| TOP OF THE 5TH |
|
Miami Marlins batting - Pitching for Cincinnati Reds : RHP Constantino Chamisso
|
|
Batting: RHB Bert Clark
|
0-0: Foul Ball, location: 2F 0-1: Foul Ball, location: 2F 0-2: Ground out 6-3 (Groundball, 6, EV 84.4 MPH)
|
|
Batting: LHB Andre Gorter
|
0-0: Ground out 4-3 (Groundball, 4, EV 97.5 MPH)
|
|
Batting: RHB Jimmy Groseclose
|
0-0: Ball 1-0: Foul Ball, location: 2F 1-1: Ground out 6-3 (Groundball, 56D, EV 98.1 MPH)
|
| Top of the 5th over - 0 runs, 0 hits, 0 errors, 0 left on base; Miami 2 - Cincinnati 0 |
| BOTTOM OF THE 5TH |
|
Cincinnati Reds batting - Pitching for Miami Marlins : RHP Link Zeller
|
|
Batting: RHB Joseph Kirchmann
|
0-0: Foul Ball, location: 2F 0-1: Foul Ball, location: 2F 0-2: Ball 1-2: Ball 2-2: Foul Ball, location: 2F 2-2: Ball 3-2: Base on Balls
|
|
Batting: LHB Jon Ledesma
|
0-0: Swinging Strike 0-1: Ball 1-1: SINGLE (Line Drive, 78S, EV 89.4 MPH) Joseph Kirchmann to second Runner from 2nd tries for 3rd, SAFE, throw by LF made to third
|
|
Batting: RHB Takanibu Kaneshiro
|
0-0: Ball 1-0: Ball 2-0: Swinging Strike 2-1: Swinging Strike 2-2: Fly out, F4 (Line Drive, 4, EV 68.8 MPH)
|
|
Batting: SHB Dave Barefoot
|
0-0: Called Strike Jon Ledesma steals 2nd base 0-1: Ball 1-1: Ground out 4-3 (Groundball, 34D, EV 81.9 MPH) Joseph Kirchmann scores Jon Ledesma to third
|
|
Batting: RHB Steve Castleberry
|
0-0: Ball 1-0: Fly out, F8 (Line Drive, 8LD, EV 103.8 MPH)
|
| Bottom of the 5th over - 1 run, 1 hit, 0 errors, 1 left on base; Miami 2 - Cincinnati 1 |
| TOP OF THE 6TH |
|
Miami Marlins batting - Pitching for Cincinnati Reds : RHP Constantino Chamisso
|
|
Batting: RHB Tony Stedman
|
0-0: Ball 1-0: Called Strike 1-1: Foul Ball, location: 2F 1-2: Ball 2-2: Ground out 6-3 (Groundball, 6, EV 87.5 MPH)
|
|
Batting: LHB Jose Bregaro
|
0-0: Called Strike 0-1: Ball 1-1: Ball 2-1: Called Strike 2-2: Ball 3-2: Strikes out looking
|
|
Batting: RHB Mike Gar
|
0-0: Ball 1-0: Foul Ball, location: 2F 1-1: Ball 2-1: Ball 3-1: Foul Ball, location: 2F 3-2: Ground out 6-3 (Groundball, 6, EV 84.4 MPH)
|
| Top of the 6th over - 0 runs, 0 hits, 0 errors, 0 left on base; Miami 2 - Cincinnati 1 |
| BOTTOM OF THE 6TH |
|
Cincinnati Reds batting - Pitching for Miami Marlins : RHP Link Zeller
|
|
Batting: SHB Jun Tsuda
|
0-0: Ball 1-0: Foul Ball, location: 2F 1-1: Swinging Strike 1-2: Foul Ball, location: 2F 1-2: Strikes out swinging
|
|
Batting: LHB Chris Grunwald
|
0-0: Called Strike 0-1: Ball 1-1: Swinging Strike 1-2: Foul Ball, location: 2F 1-2: Ball 2-2: Foul Ball, location: 2F 2-2: Ball 3-2: Strikes out looking
|
|
Batting: SHB Saulo Maina
|
0-0: Ball 1-0: Swinging Strike 1-1: Ball 2-1: Foul Ball, location: 2F 2-2: Strikes out looking
|
| Bottom of the 6th over - 0 runs, 0 hits, 0 errors, 0 left on base; Miami 2 - Cincinnati 1 |
| TOP OF THE 7TH |
|
Miami Marlins batting - Pitching for Cincinnati Reds : RHP Constantino Chamisso
|
|
Batting: RHB Steve Barnard
|
0-0: Ball 1-0: Called Strike 1-1: Ball 2-1: Ball 3-1: Base on Balls
|
|
Batting: RHB Willie Chavez
|
0-0: SINGLE (Line Drive, 4MD, EV 103.1 MPH) Steve Barnard to second
|
|
Batting: RHB Roger Salazar
|
0-0: Foul Ball, location: 2F 0-1: Swinging Strike 0-2: Ball 1-2: Ball 2-2: DOUBLE (Flyball, 89XD, EV 93.8 MPH) Steve Barnard scores Willie Chavez to third
|
|
Batting: RHB Bert Clark
|
0-0: Fly out, F8 (Flyball, 8LM, EV 86.9 MPH)
|
|
Batting: LHB Andre Gorter
|
0-0: Intentional Walk
|
|
Batting: RHB Jimmy Groseclose
|
0-0: Ball 1-0: Ball 2-0: Grounds into double play, 6-2-3 (Groundball, 56, EV 89.4 MPH)
|
| Top of the 7th over - 1 run, 2 hits, 0 errors, 2 left on base; Miami 3 - Cincinnati 1 |
| BOTTOM OF THE 7TH |
|
Cincinnati Reds batting - Pitching for Miami Marlins : RHP Link Zeller
|
|
Batting: RHB Willie Lazcano
|
0-0: Ball 1-0: Called Strike 1-1: Foul Ball, location: 2F 1-2: Ball 2-2: Ball 3-2: SINGLE (Groundball, 6MS, EV 84.4 MPH) (infield hit)
|
|
Pitching: RHP Adam Thomas
|
|
|
Batting: RHB Joseph Kirchmann
|
0-0: Ball Willie Lazcano steals 2nd base 1-0: SINGLE (Groundball, P, EV 85.0 MPH) (infield hit) Willie Lazcano to third
|
|
Batting: LHB Jon Ledesma
|
0-0: Called Strike Joseph Kirchmann steals 2nd base 0-1: Ball 1-1: Foul Ball, location: 2F 1-2: Strikes out swinging
|
|
Batting: RHB Takanibu Kaneshiro
|
0-0: Ball 1-0: Ball 2-0: Called Strike 2-1: Ball 3-1: Swinging Strike 3-2: 3-RUN HOME RUN (Flyball, 78XD, EV 100.6 MPH), Distance : 414 ft
|
|
Batting: SHB Dave Barefoot
|
0-0: Ball 1-0: Ball 2-0: Called Strike 2-1: Foul Ball, location: 2F 2-2: Foul Ball, location: 2F 2-2: Strikes out looking
|
|
Batting: RHB Steve Castleberry
|
0-0: Called Strike 0-1: Ball 1-1: Swinging Strike 1-2: Foul Ball, location: 2F 1-2: Fly out, F8 (Flyball, 8LM, EV 85.6 MPH)
|
| Bottom of the 7th over - 3 runs, 3 hits, 0 errors, 0 left on base; Miami 3 - Cincinnati 4 |
| TOP OF THE 8TH |
|
Miami Marlins batting - Pitching for Cincinnati Reds : RHP Constantino Chamisso
|
|
Batting: RHB Tony Stedman
|
0-0: Swinging Strike 0-1: Ball 1-1: Ball 2-1: Fly out, F7 (Flyball, 78S, EV 70.6 MPH)
|
|
Batting: LHB Jose Bregaro
|
0-0: Called Strike 0-1: Fly out, F3 (Line Drive, 3L, EV 62.5 MPH)
|
|
Pinch Hitting: LHB Adam Durgin
|
0-0: Called Strike 0-1: Foul Ball, location: 2F 0-2: Ball 1-2: SOLO HOME RUN (Flyball, 9LD, EV 94.4 MPH), Distance : 358 ft
|
|
Batting: RHB Steve Barnard
|
0-0: DOUBLE (Line Drive, 7LM, EV 107.5 MPH)
|
|
Pitching: LHP Dave Rivera
|
|
|
Batting: RHB Willie Chavez
|
0-0: Called Strike 0-1: Ball 1-1: Ground out 6-3 (Groundball, 6S, EV 70.0 MPH)
|
| Top of the 8th over - 1 run, 2 hits, 0 errors, 1 left on base; Miami 4 - Cincinnati 4 |
| BOTTOM OF THE 8TH |
|
Cincinnati Reds batting - Pitching for Miami Marlins : RHP Adam Thomas
|
|
Now at 1B: Alberto Cotto
|
|
|
Batting: SHB Jun Tsuda
|
0-0: Fly out, F7 (Line Drive, 7, EV 96.2 MPH)
|
|
Batting: LHB Chris Grunwald
|
0-0: Ground out 5-3 (Groundball, 56, EV 77.5 MPH)
|
|
Batting: SHB Saulo Maina
|
0-0: Fly out, F3 (Popup, 34S, EV 67.5 MPH)
|
| Bottom of the 8th over - 0 runs, 0 hits, 0 errors, 0 left on base; Miami 4 - Cincinnati 4 |
| TOP OF THE 9TH |
|
Miami Marlins batting - Pitching for Cincinnati Reds : LHP Dave Rivera
|
|
Batting: RHB Roger Salazar
|
0-0: Called Strike 0-1: Ball 1-1: Ball 2-1: Ball 3-1: Base on Balls
|
|
Batting: RHB Bert Clark
|
0-0: Called Strike 0-1: Fly out, F9 (Flyball, 9, EV 97.5 MPH)
|
|
Batting: LHB Andre Gorter
|
0-0: Swinging Strike 0-1: Ball 1-1: Foul Ball, location: 2F 1-2: Ball 2-2: Strikes out swinging
|
|
Batting: RHB Jimmy Groseclose
|
0-0: Ball 1-0: Fly out, F7 (Line Drive, 78M, EV 110.0 MPH)
|
| Top of the 9th over - 0 runs, 0 hits, 0 errors, 1 left on base; Miami 4 - Cincinnati 4 |
| BOTTOM OF THE 9TH |
|
Cincinnati Reds batting - Pitching for Miami Marlins : RHP Adam Thomas
|
|
Pitching: RHP Tim Barnett
|
|
|
Batting: RHB Willie Lazcano
|
0-0: Called Strike 0-1: Ball 1-1: DOUBLE (Groundball, 5L, EV 105.0 MPH)
|
|
Batting: RHB Joseph Kirchmann
|
0-0: Ball 1-0: Foul Ball, location: 2F 1-1: Foul Ball, location: 2F 1-2: Ball 2-2: SINGLE (Line Drive, 4D, EV 100.0 MPH) Willie Lazcano to third
|
|
Batting: LHB Jon Ledesma
|
0-0: Squeeze Bunt to 3S - play home, runner OUT, batter safe! 3-2 Joseph Kirchmann to second
|
|
Pinch Hitting: SHB Tony Prado
|
0-0: Ball 1-0: Called Strike 1-1: Foul Ball, location: 2F 1-2: Foul Ball, location: 2F 1-2: Foul Ball, location: 2F 1-2: Foul Ball, location: 2F 1-2: Hit by Pitch Joseph Kirchmann to third Jon Ledesma to second
|
|
Batting: SHB Dave Barefoot
|
0-0: Ball 1-0: SINGLE (Groundball, 6MD, EV 111.2 MPH) Joseph Kirchmann scores
|
| Bottom of the 9th over - 1 run, 3 hits, 0 errors, 2 left on base; Miami 4 - Cincinnati 5 |
|